 Dungeon Crawl Stone Soup version 0.32-a0-329-ge6c31236d6 (webtiles) character file.

Game seed: 10260388839715118553

1275 Asceticacid the Gouger (level 8, 39/39 HPs)
             Began as a Felid Shapeshifter on Feb 16, 2024.
             Quit the game on level 5 of the Dungeon.
             The game lasted 00:08:35 (4297 turns).

Asceticacid the Gouger (Felid Shapeshifter)         Turns: 4297, Time: 00:08:36

Health: 39/39      AC:  2    Str: 10    XL:     8   Next: 28%
Magic:  9/9        EV: 17    Int: 14    God:
Gold:   207        SH:  0    Dex: 18    Spells: 7/7 levels left
                                        Lives:  0   Deaths: 3

rFire   . .          .
                       - Unarmed
rCold   . . .        (shield unavailable)
rNeg    . . .        (body armour unavailable)
rPois   .            (helmet unavailable)
rElec   .            (cloak unavailable)
rCorr   .            (gloves unavailable)
SInv    +            (boots unavailable)
Will    ++...        d - amulet of the acrobat
Stlth   +++          k - ring of willpower
HPRegen 0.26/turn    (no ring)
MPRegen 0.11/turn

%: acrobat
@: beast-form
A: beast (slay +2), very small, claws 1, fangs 3, see invisible, shaggy fur 2,
stealthy paws, no weapons or thrown items, no armour, multi-lived
a: Begin Untransformation


You were on level 5 of the Dungeon.
You were a hulking beast.
You visited 1 branch of the dungeon, and saw 5 of its levels.

You collected 207 gold pieces.

Inventory:

Jewellery
 d - an amulet of the acrobat (around neck)
 k - a ring of willpower (left paw)
Talismans
 b - a beast talisman (active)
 c - a flux talisman
Scrolls
 f - 2 scrolls of torment
 g - 5 scrolls of poison
 h - 3 scrolls of teleportation
 j - 6 scrolls of identify
Potions
 a - a potion of cancellation
 e - a potion of curing {unknown}
 i - a potion of lignification


   Skills:
 + Level 2.3 Fighting
 - Level 2.6 Dodging
 - Level 3.9 Stealth
 + Level 8.7 Unarmed Combat
 + Level 4.6 Shapeshifting


You had 7 spell levels left.
You didn't know any spells.
Your spell library was empty.

Dungeon Overview and Level Annotations

Branches:
Dungeon (5/15)
 Temple: D:4-7

Altars:
Makhleb

Shops:
D:4 (   D:5 [?

Annotations:
D:3 3 runed translucent doors, Crazy Yiuf; DeathSocks's ghost, amateur MDGl
D:5 Dowan; Duvessa


Innate Abilities, Weirdness & Mutations

You are a hulking beast.
Your limbs bulge with bestial killing power. (Slay +2)
You have sharp claws.
You have razor-sharp teeth.
You have supernaturally acute eyesight. (SInv)
You are covered in thick fur. (AC +2)
Your paws help you pounce on unaware monsters.
You are incapable of wielding weapons or throwing items.
You cannot wear armour.
You gain extra lives every three experience levels.


Message History

The sleepcap closely misses you.
You scratch the sleepcap.
The sleepcap is lightly damaged.
You claw the sleepcap!
The sleepcap is heavily damaged.
The sleepcap misses you.
Duvessa says, "Where magic fails, the sword succeeds!"
You claw the sleepcap!
The sleepcap is almost destroyed.
The sleepcap completely misses you. Duvessa hits you with a +0 short sword!
You claw the sleepcap!
You destroy the sleepcap!
Duvessa completely misses you.
You barely miss Duvessa. Your bite misses Duvessa. You claw Duvessa!
You bite Duvessa, but do no damage.
Duvessa is moderately wounded.
Duvessa hits you with a +0 short sword.
You scratch Duvessa but do no damage.
Duvessa is moderately wounded.
An iguana comes into view.
Dowan hits you with a +0 dagger. Duvessa hits you with a +0 short sword!
* * * LOW HITPOINT WARNING * * *
You barely miss Duvessa.
The iguana hisses angrily.
You claw Duvessa.
Duvessa is heavily wounded.
You are too injured to fight recklessly!
You claw Duvessa!
Duvessa is severely wounded.
Dowan casts a spell at Duvessa.
Duvessa seems to speed up.
Duvessa hits you with a +0 short sword.
* * * LOW HITPOINT WARNING * * *
You scratch Duvessa.
Duvessa is severely wounded.
Duvessa hits you with a +0 short sword.
You die...
Your shape twists and changes as you die.
Dowan zaps a wand.
The puff of flame misses you.
You rejoin the land of the living...
Are you sure you want to abandon this character and quit the game? (Confirm with "yes".)

########.# # #.# #
#.#
########.###########
..................>#
########.#########.#
# ####.# #.#
#####....#########.#
................h..#
...#.....########..#
##.#.....# #..#
#.#.....# #..#######
#.#.....# #........#
#.#.....# #........#
#.#.#####
#........######
#.#.#
#.............# ...
#........####.#


There were no monsters in sight!

Vanquished Creatures
  Grinder (D:3)
  Menkaure (D:5)
  A black bear (D:5)
  An ice beast (D:5)
  An ogre (D:5)
  2 scorpions
  2 hounds (D:4)
  A jelly (D:5)
  A gnoll bouda (D:4)
  Jessica (D:2)
  2 sleepcaps (D:5)
  Natasha (D:2)
  An iguana (D:5)
  4 orc wizards
  3 gnolls (D:4)
  2 adders (D:3)
  2 ufetubi (D:5)
  A ribbon worm (D:2)
  2 dart slugs
  13 orcs
  4 bats
  4 endoplasms
  2 giant cockroaches
  7 goblins
  4 hobgoblins
  6 jackals
  3 kobolds
  6 quokkas
  5 ball pythons
  5 frilled lizards
  6 rats
95 creatures vanquished.

Notes
Turn   | Place    | Note
-------+----------+-------------------------------------------
     0 | D:1      | Asceticacid the Felid Shapeshifter began the quest for the
                  | Orb.
     0 | D:1      | Reached XP level 1. HP: 10/10 MP: 2/2
     0 | D:1      | Noticed a quicksilver dragon
     0 | D:1      | Noticed an iron dragon
     1 | D:1      | Noticed a shadow dragon
     1 | D:1      | Noticed a shadow dragon
    21 | D:1      | Noticed an orb of fire
    40 | D:1      | Noticed a tentacled monstrosity
    41 | D:1      | Noticed a shadow dragon
    42 | D:1      | Noticed an orb of fire
    43 | D:1      | Noticed an ice dragon
    45 | D:1      | Noticed an orb of fire
    45 | D:1      | Noticed an ice dragon
    47 | D:1      | Noticed a shadow dragon
    47 | D:1      | Noticed an iron dragon
    49 | D:1      | Noticed an orb of fire
    49 | D:1      | Noticed a tentacled monstrosity
    51 | D:1      | Noticed an ice dragon
    51 | D:1      | Noticed an ice dragon
    53 | D:1      | Noticed an orb of fire
    56 | D:1      | Noticed a shadow dragon
    63 | D:1      | Found a faded altar of an unknown god.
   222 | D:1      | Reached XP level 2. HP: 14/14 MP: 3/3
   807 | D:2      | Reached skill level 1 in Stealth
   809 | D:2      | Reached XP level 3. HP: 18/18 MP: 4/4
   857 | D:2      | Noticed Jessica
   864 | D:2      | Killed Jessica
   867 | D:2      | Reached XP level 4. HP: 21/22 MP: 5/5
   867 | D:2      | Gained a life (2 lives remaining)
  1120 | D:2      | Noticed Natasha
  1131 | D:2      | Killed Natasha
  1132 | D:2      | Reached skill level 4 in Unarmed Combat
  1676 | D:3      | Identified the +0 tower shield of Hiqische {Stlth+}
  1745 | D:3      | Noticed Terence
  1819 | D:3      | Reached XP level 5. HP: 7/25 MP: 6/6
  1949 | D:3      | Killed from afar by an orc wizard
  1949 | D:3      | Lost a life (1 life remaining)
  2297 | D:3      | Noticed Grinder
  2345 | D:3      | Killed Grinder
  2346 | D:3      | Reached skill level 5 in Unarmed Combat
  2346 | D:3      | Gained mutation: You are covered in thick fur. (AC +2)
                  | [Felid growth]
  2346 | D:3      | Reached XP level 6. HP: 18/30 MP: 7/7
  2575 | D:3      | Found a runed translucent door.
  2576 | D:3      | Noticed Crazy Yiuf
  2644 | D:3      | Found a large runed translucent door.
  2644 | D:3      | Found a large runed translucent door.
  2646 | D:3      | Noticed DeathSocks's ghost (amateur MDGl)
  2683 | D:4      | Reached skill level 6 in Unarmed Combat
  2710 | D:4      | Found a burning altar of Makhleb.
  3035 | D:4      | Reached XP level 7. HP: 24/34 MP: 8/8
  3035 | D:4      | Gained a life (2 lives remaining)
  3172 | D:4      | Found Suuttut's Weapon Shoppe.
  3211 | D:4      | Noticed a balrug
  3216 | D:4      | Noticed an orange demon
  3216 | D:4      | Noticed a hellwing
  3450 | D:4      | Became a worshipper of Beogh the Shepherd
  3598 | D:5      | Entered Level 5 of the Dungeon
  3651 | D:5      | Reached skill level 7 in Unarmed Combat
  3999 | D:5      | Slain by an ice beast
  3999 | D:5      | Lost a life (1 life remaining)
  4000 | D:5      | Fell from the grace of Beogh
  4007 | D:5      | Reached skill level 8 in Unarmed Combat
  4013 | D:5      | Reached XP level 8. HP: 5/39 MP: 9/9
  4251 | D:5      | Noticed Menkaure
  4255 | D:5      | Killed Menkaure
  4273 | D:5      | Found Ajulios's Armour Shoppe.
  4280 | D:5      | Found Fuesythre's Magic Scroll Emporium.
  4284 | D:5      | Noticed Duvessa
  4285 | D:5      | Noticed Dowan
  4296 | D:5      | Slain by Duvessa
  4296 | D:5      | Lost a life (0 lives remaining)
  4297 | D:5      | Quit the game

Illustrated notes

Levels and vault maps discovered:
D:1:      shiori_arrival_whats_in_store_for_you, layout_loops_ring,
          ebering_ecumenical_altar_rust
D:2:      layout_basic, minivault_26, uniq_jessica, uniq_natasha
D:3:      layout_basic, ebering_ghost_disaster_area, grunt_decor_one_mirror,
          st_stairs_14, uniq_grinder, uniq_crazy_yiuf_cottage, uniq_terence
D:4:      layout_basic, makhleb_altar_promises_db, nicolae_take_the_stairs,
          wad_floor_pattern_untrapped, hex_medium
D:5:      layout_basic, zin_angel, serial_shops, nicolae_stop_n_shop_1, shop,
          uniq_menkaure, uniq_duvessa

Skill      XL: |  1  2  3  4  5  6  7 |
---------------+----------------------+-----
Shapeshifting  | 3 4 |  4.6
Stealth        | 1 3 |  3.9
Unarmed Combat | 4 5 6 8 |  8.7
Fighting       | 2 |  2.3
Dodging        | |  2.6

Action                     |  1- 3 |  4- 6 |  7- 9 || total
---------------------------+-------+-------+-------++-------
  Melee: Unarmed           |    40 |   109 |    96 ||   245
         Bite              |     2 |     8 |    14 ||    24
         Punch             |       |       |     6 ||     6
 Invoke: Renounce Religion |       |       |     1 ||     1
         Convert to Beogh  |       |       |     1 ||     1
Ability: Begin Untransform |     2 |       |       ||     2
    Use: Scroll            |     3 |     3 |     1 ||     7
         Potion            |       |     1 |     1 ||     2
   Stab: Sleeping          |     3 |     6 |     4 ||    13
 Armour: Skin              |     3 |    46 |    28 ||    77
  Dodge: Dodged            |    34 |    73 |    73 ||   180
   Form: Flux              |     1 |     1 |       ||     2
         Beast             |     1 |       |       ||     1

Table legend: (Time is in decaauts)
 A = Elapsed time spent in this place.
 B = Non-inter-level travel time spent in this place.
 C = Inter-level travel time spent in this place.
 D = Time resting spent in this place.
 E = Time spent auto-exploring this place.
 F = Levels seen in this place.
 G = Mean time per level.
                   A        B        C        D        E       F      G
               +--------+--------+--------+--------+--------+-----+--------+
         Total |   4274 |   4136 |    138 |    472 |   2724 |   5 |  854.8 |
       Dungeon |   4274 |   4136 |    138 |    472 |   2724 |   5 |  854.8 |
               +--------+--------+--------+--------+--------+-----+--------+

Top non-repeatable levels by time:
     D:3: 1063 daAuts
     D:4: 924 daAuts
     D:2: 833 daAuts
     D:1: 765 daAuts
     D:5: 688 daAuts
